[Event "ICC tourney 1954 (60 10)"]
[Site "Internet Chess Club"]
[Date "2020.08.08"]
[Round "6"]
[White "BabyFelix"]
[Black "che108642"]
[Result "0-1"]
[ICCResult "White checkmated"]
[WhiteElo "1092"]
[BlackElo "1396"]
[Opening "Sicilian"]
[ECO "B56"]
[NIC "SI.25"]
[Time "18:32:23"]
[TimeControl "3600+10"]

1. e4 c5 2. Nf3 d6 3. d4 cxd4 4. Nxd4 Nf6 5. Nc3 Nc6 6. Be3 Ng4 7. Nxc6 bxc6
8. Qd2 Nxe3 9. Qxe3 Qa5 10. Bc4 Ba6 11. Bxa6 Qxa6 12. Qd3 Qb7 13. Rb1 e6 14.
O-O Be7 15. Rfe1 O-O 16. Qe3 h6 17. f3 Rac8 18. a3 d5 19. exd5 cxd5 20. Kh1
Bf6 21. Qd2 Rc4 22. Na2 Qc7 23. c3 a5 24. g3 Qc6 25. Kg2 Rd8 26. Qc2 d4 27.
Red1 Rc8 28. b3 Rc5 29. c4 Rd8 30. Qd3 Re5 31. Re1 Rxe1 32. Rxe1 Rc8 33. Re4
Qc5 34. a4 Qa3 35. Re2 Rb8 36. Qd2 Qxb3 37. Qxa5 Qxc4 38. Rd2 Rb3 39. Qa8+
Kh7 40. Qe4+ g6 41. Qf4 Kg7 42. a5 Ra3 43. Kh3 Rxa5 44. Qd6 Rxa2 45. Rd1 Qe2
46. Rh1 Qg2+ 47. Kg4 h5+ 48. Kf4 Qd2+ 49. Ke4 Qe3# {White checkmated} 0-1

[Event "ICC tourney 1954 (60 10)"]
[Site "Internet Chess Club"]
[Date "2020.08.08"]
[Round "6"]
[White "sahithyansaran"]
[Black "DimSum17"]
[Result "1-0"]
[ICCResult "Black checkmated"]
[WhiteElo "582"]
[BlackElo "915"]
[Opening "Pirc: classical (two knights) system"]
[ECO "A00"]
[NIC "PU.10"]
[Time "18:32:34"]
[TimeControl "3600+10"]

1. Nc3 Nf6 2. Nf3 g6 3. d4 Bg7 4. e4 d6 5. Bc4 Bg4 6. Bg5 Nbd7 7. Bb5 h6 8.
Bxf6 Bxf6 9. O-O Bxd4 10. Qxd4 O-O 11. e5 Bxf3 12. gxf3 Nxe5 13. Qf4 Kh7 14.
Qe4 c6 15. Bd3 e6 16. f4 f5 17. Qe3 Ng4 18. Qg3 Qe7 19. Rfe1 Rae8 20. h3 Nf6
21. Qe3 Nh5 22. Qxa7 Nxf4 23. Bf1 Ra8 24. Qe3 e5 25. Ne2 Nd5 26. Qd3 Rg8 27.
Bg2 Nf6 28. b3 e4 29. Qc3 Nd5 30. Qd4 Rae8 31. c4 Nb4 32. Qc3 Nd3 33. Red1
f4 34. f3 d5 35. Nd4 Qf6 36. cxd5 c5 37. Nb5 Qb6 38. a4 c4+ 39. Qd4 Qxd4+
40. Nxd4 exf3 41. Bxf3 Ne5 42. d6 cxb3 43. Bxb7 Rb8 44. Bd5 Rgd8 45. Bxb3
Rxd6 46. Nb5 Rf6 47. Rf1 g5 48. Bc2+ Kg7 49. Nd4 Rd8 50. Nf5+ Kf7 51. Bb3+
Kg6 52. Ne7+ Kg7 53. Bc2 Kf7 54. Nf5 Ke6 55. Ng7+ Ke7 56. Nh5 Rc6 57. Be4
Rc4 58. Bg2 Rf8 59. a5 Kf7 60. a6 Kg6 61. a7 Ra8 62. Bxa8 Rc5 63. Be4+ Kxh5
64. a8=Q Rc3 65. Qe8+ Ng6 66. Qxg6+ Kh4 67. Qxh6+ Kg3 68. Qxg5+ Kxh3 69.
Bg2# {Black checkmated} 1-0

[Event "ICC tourney 1954 (60 10)"]
[Site "Internet Chess Club"]
[Date "2020.08.08"]
[Round "6"]
[White "nguyencaptures"]
[Black "aec7r3b"]
[Result "0-1"]
[ICCResult "White checkmated"]
[WhiteElo "1124"]
[BlackElo "1353"]
[Opening "Giuoco Piano: Greco's attack"]
[ECO "C54"]
[NIC "IG.02"]
[Time "18:32:13"]
[TimeControl "3600+10"]

1. e4 e5 2. Nf3 Nc6 3. Bc4 Bc5 4. c3 Nf6 5. d4 exd4 6. cxd4 Bb4+ 7. Nc3 O-O
8. O-O Bxc3 9. bxc3 Nxe4 10. Qd3 d5 11. Bb3 Bf5 12. Nd2 Nxd2 13. Qxd2 Re8
14. Bb2 Na5 15. Rfe1 Nxb3 16. axb3 Rxe1+ 17. Rxe1 Qf6 18. Qf4 c6 19. Qc7 b6
20. Qb7 Qd8 21. Re7 Be6 22. Qxc6 Rc8 23. Qb7 h6 24. Qxa7 Ra8 25. Qc7 Qxc7
26. Rxc7 Ra2 27. Bc1 Ra1 28. f3 Rxc1+ 29. Kf2 Rb1 30. b4 Kf8 31. Rb7 Rc1 32.
Rxb6 Rxc3 33. Kg3 Rc4 34. Kf4 Rxd4+ 35. Ke5 Rd2 36. Rb8+ Ke7 37. Rb7+ Kd8
38. Kd6 d4 39. Rb8+ Bc8 40. b5 d3 41. b6 Rb2 42. Ra8 Rxb6+ 43. Kc5 Ra6 44.
Rb8 Ra1 45. Rb2 Rc1+ 46. Kd4 Rc2 47. Rb1 d2 48. Rd1 Ba6 49. Ke3 Ke7 50. Rxd2
Rxd2 51. Kxd2 Bf1 52. g3 Bg2 53. f4 Kf6 54. Ke1 Be4 55. Kf2 Kf5 56. Kg1 Kg4
57. Kf1 f5 58. Kf2 Kh3 59. Kg1 Bg2 60. Kf2 Kxh2 61. Ke3 Kxg3 62. Ke2 Kxf4
63. Kf2 Bf3 64. Kg1 g5 65. Kf2 g4 66. Kg1 g3 67. Kf1 g2+ 68. Kg1 Ke3 69. Kh2
Kf2 70. Kh3 g1=Q 71. Kh4 Qg4# {White checkmated} 0-1

[Event "ICC tourney 1954 (60 10)"]
[Site "Internet Chess Club"]
[Date "2020.08.08"]
[Round "6"]
[White "EdwardTarte"]
[Black "GoFest04"]
[Result "1/2-1/2"]
[ICCResult "Game drawn by mutual agreement"]
[WhiteElo "1191"]
[BlackElo "1034"]
[Opening "Benko's opening"]
[ECO "A00"]
[NIC "VO.09"]
[Time "18:31:46"]
[TimeControl "3600+10"]

1. g3 Nc6 2. Bg2 e5 3. b3 b6 4. Bb2 Bb7 5. e3 d6 6. Ne2 Nge7 7. d3 g6 8. Nd2
Bg7 9. O-O O-O 10. f4 Nf5 11. Rf3 e4 12. dxe4 Bxb2 13. Rb1 Nxe3 14. Rxe3 Bg7
15. e5 dxe5 16. fxe5 Re8 17. Bxc6 Bxc6 18. Rc3 Bb7 19. Rd3 Qe7 20. Nf3 Bxf3
21. Rxf3 Qxe5 22. Nf4 Qc5+ 23. Kg2 Qa3 24. Nd5 Rad8 25. Rd3 c6 26. Nc7 Rxd3
27. Qxd3 Rc8 28. Qd7 Qf8 29. Re1 c5 30. Qxc8 Qxc8 31. Re8+ Qxe8 32. Nxe8 Be5
33. Kf3 Kf8 34. Ke4 f6 35. Nxf6 Bxf6 36. Kd5 Bd4 37. Kc6 Ke7 38. Kb7 Bg1 39.
h3 Bh2 40. g4 Kf6 41. Kxa7 Kg5 42. Kxb6 Kh4 43. a4 c4 44. bxc4 Kxh3 45. a5
Bg1+ 46. Kb7 Kxg4 47. a6 h5 48. a7 Bxa7 49. Kxa7 h4 50. c5 h3 51. c6 h2 52.
c7 h1=Q 53. c8=Q+ Kg5 {Game drawn by mutual agreement} 1/2-1/2

[Event "ICC tourney 1954 (60 10)"]
[Site "Internet Chess Club"]
[Date "2020.08.08"]
[Round "6"]
[White "johnique"]
[Black "gsgirl"]
[Result "0-1"]
[ICCResult "White resigns"]
[WhiteElo "1356"]
[BlackElo "1030"]
[Opening "Nimzo-Indian: classical, 4...c5"]
[ECO "E38"]
[NIC "NI.22"]
[Time "18:31:56"]
[TimeControl "3600+10"]

1. d4 Nf6 2. c4 e6 3. Nc3 Bb4 4. Qc2 c5 5. Nf3 Nc6 6. dxc5 Bxc5 7. a3 b6 8.
b4 Be7 9. e3 Bb7 10. Be2 Qc7 11. Bb2 O-O 12. O-O Ng4 13. Nb5 Qb8 14. g3 a6
15. Nbd4 Nce5 16. h3 Nxf3+ 17. Nxf3 Nxe3 18. Qc3 Nf5 19. g4 Bf6 20. Qd2 Bxb2
21. Qxb2 Qf4 22. Qd2 Qxd2 23. Nxd2 Nd4 24. Bd1 e5 25. f4 e4 26. Re1 Rfe8 27.
Kf2 Re7 28. Nf1 Rc8 29. Ne3 d6 30. Ra2 b5 31. Rd2 Ne6 32. cxb5 Nxf4 33. Kg3
Nd3 34. Ree2 axb5 35. Nc2 Rce8 36. Re3 d5 37. Nd4 Ne5 38. Nxb5 Nc4 39. Ree2
Nxd2 40. Rxd2 Rd8 41. Nd4 e3 42. Rc2 Rc8 43. Rxc8+ Bxc8 44. Kf3 Bd7 45. b5
Re4 46. Nc2 Bxb5 47. Nxe3 Rd4 48. Bc2 Bd3 49. Bb3 Be4+ 50. Kf2 Rd2+ 51. Ke1
Rd3 52. Bxd5 Bxd5 53. Ke2 Be4 54. Nc4 Rxh3 55. Nd6 Bf3+ 56. Kd2 Bxg4 57. Nc4
Be6 58. Ne3 g5 59. a4 Rh1 60. Nd1 Bc4 61. Nc3 g4 62. Ne4 Kg7 63. Ng3 Ra1 64.
Nf5+ Kf6 65. Ne3 Rxa4 66. Nxg4+ Kg5 67. Ne3 Ra2+ 68. Kc3 Ra3+ 69. Kxc4 Rxe3
{White resigns}
0-1

[Event "ICC tourney 1954 (60 10)"]
[Site "Internet Chess Club"]
[Date "2020.08.08"]
[Round "6"]
[White "thegoldenfrog"]
[Black "catseyenebula"]
[Result "1-0"]
[ICCResult "Black checkmated"]
[WhiteElo "1336"]
[BlackElo "1154"]
[Opening "Two knights defense (Modern bishop's opening)"]
[ECO "C55"]
[NIC "IG.01"]
[Time "18:31:43"]
[TimeControl "3600+10"]

1. e4 e5 2. Nf3 Nc6 3. Bc4 Nf6 4. d3 Be7 5. Nc3 O-O 6. O-O d6 7. Ne2 Na5 8.
Bb3 c5 9. Bd2 Nc6 10. c3 Be6 11. Ng3 b5 12. Be3 d5 13. Ng5 h6 14. Nxe6 fxe6
15. exd5 exd5 16. Nf5 a5 17. a3 a4 18. Ba2 Kh8 19. Qf3 Qd7 20. Nh4 Kh7 21.
Bb1 Qg4 22. d4+ e4 23. Qxg4 Nxg4 24. Nf3 Nxe3 25. fxe3 Kg8 26. Nd2 cxd4 27.
cxd4 Bg5 28. Re1 Nxd4 29. Ba2 Rf5 30. exd4 Bxd2 31. Rxe4 Kh7 32. Re2 Bg5 33.
Bb1 Rf8 34. g4 g6 35. gxf5 gxf5 36. Kg2 Kg7 37. Bd3 f4 38. Kf3 Rb8 39. Rg1
Kf6 40. h4 Bxh4 41. Rg6+ Kf7 42. Rxh6 Bg3 43. Rc2 Kg7 44. Rh7+ Kf6 45. Rc6+
Kg5 46. Rg6# {Black checkmated} 1-0

[Event "ICC tourney 1954 (60 10)"]
[Site "Internet Chess Club"]
[Date "2020.08.08"]
[Round "6"]
[White "ChessMstr"]
[Black "ElaineFan"]
[Result "1-0"]
[ICCResult "Black checkmated"]
[WhiteElo "1310"]
[BlackElo "1156"]
[Opening "Giuoco Piano"]
[ECO "C54"]
[NIC "IG.02"]
[Time "18:31:33"]
[TimeControl "3600+10"]

1. e4 e5 2. Nf3 Nc6 3. Bc4 Bc5 4. c3 Nf6 5. d3 O-O 6. O-O d6 7. h3 h6 8. Re1
a6 9. Bb3 Na5 10. Bc2 Nc6 11. d4 exd4 12. Nxd4 Nxd4 13. cxd4 Bb4 14. Re3 Re8
15. Qf3 d5 16. e5 Nh7 17. Bxh7+ Kxh7 18. Qxf7 Rf8 19. Qh5 Rf5 20. Qe2 Be7
21. Rf3 Bg5 22. Nc3 Rxf3 23. Qxf3 Bxc1 24. Rxc1 Qg5 25. Rd1 Be6 26. Nxd5 Qd8
27. Qe4+ Kg8 28. Nf4 Qh4 29. g3 Qe7 30. Qxb7 Rd8 31. Nxe6 Qxe6 32. Qb3 Qxb3
33. axb3 Rd5 34. f4 c5 35. e6 cxd4 36. Kf2 Kf8 37. Kf3 Ke7 38. Ke4 Kxe6 39.
g4 d3 40. Rxd3 Rxd3 41. Kxd3 Kd5 42. b4 g6 43. h4 Kd6 44. Kd4 Kc6 45. Kc4
Kd6 46. b5 axb5+ 47. Kxb5 Kd5 48. b4 Ke4 49. Kc4 Kxf4 50. b5 Kxg4 51. b6
Kxh4 52. b7 g5 53. b8=Q g4 54. Qf4 h5 55. Kd3 Kh3 56. Ke2 g3 57. Kf1 h4 58.
Qf5+ Kh2 59. Qc2+ Kh3 60. Qe4 Kh2 61. Qg2# {Black checkmated} 1-0

[Event "ICC tourney 1954 (60 10)"]
[Site "Internet Chess Club"]
[Date "2020.08.09"]
[Round "7"]
[White "kushagra12"]
[Black "Blitzstein"]
[Result "1-0"]
[ICCResult "Black checkmated"]
[WhiteElo "852"]
[BlackElo "1145"]
[Opening "Petrov's defense"]
[ECO "C42"]
[NIC "RG.03"]
[Time "12:02:25"]
[TimeControl "3600+10"]

1. e4 e5 2. Nf3 Nf6 3. Nxe5 Nc6 4. Nxc6 dxc6 5. Nc3 Bc5 6. Be2 h5 7. d3 Ng4
8. Bxg4 hxg4 9. Bd2 Qd6 10. g3 Be6 11. Qe2 O-O-O 12. O-O-O Rh3 13. Bf4 Qd4
14. Be3 Qd6 15. d4 Bb6 16. e5 Qb4 17. a3 Qa5 18. Kb1 Rdh8 19. f4 gxf3 20.
Qxf3 Rxh2 21. Rxh2 Rxh2 22. d5 cxd5 23. Nxd5 Bxe3 24. Ne7+ Kb8 25. Rd8+ Bc8
26. Rxc8# {Black checkmated} 1-0

[Event "ICC tourney 1954 (60 10)"]
[Site "Internet Chess Club"]
[Date "2020.08.09"]
[Round "7"]
[White "ProfP"]
[Black "lovechess12"]
[Result "0-1"]
[ICCResult "White checkmated"]
[WhiteElo "594"]
[BlackElo "1223"]
[Opening "Giuoco Piano"]
[ECO "C50"]
[NIC "IG.02"]
[Time "12:02:50"]
[TimeControl "3600+10"]

1. e4 e5 2. Nf3 Nc6 3. Bc4 Bc5 4. O-O d6 5. h3 Nge7 6. d3 O-O 7. Bg5 Be6 8.
Nc3 Qd7 9. Bxe7 Nxe7 10. Bxe6 fxe6 11. Ng5 d5 12. exd5 exd5 13. Re1 Bxf2+
14. Kh1 Bxe1 15. Qxe1 Qf5 16. Qd1 Qxg5 17. Qe2 Qg3 18. Re1 Rf2 19. Qg4 Qxg4
20. hxg4 Ng6 21. Nxd5 Rxc2 22. Rb1 Rf8 23. Nc3 Rff2 24. Nd1 Rxg2 25. Ne3
Rh2+ 26. Kg1 Rxb2 27. Rc1 Rhe2 28. Nd5 Nf4 29. Nxc7 Rg2+ 30. Kf1 Rbf2+ 31.
Ke1 Nxd3+ 32. Kd1 Rf1# {White checkmated} 0-1

[Event "ICC tourney 1954 (60 10)"]
[Site "Internet Chess Club"]
[Date "2020.08.09"]
[Round "7"]
[White "Rhinoguy"]
[Black "Cgchess"]
[Result "0-1"]
[ICCResult "White resigns"]
[WhiteElo "1174"]
[BlackElo "1406"]
[Opening "French: advance, Paulsen attack"]
[ECO "C02"]
[NIC "FR.03"]
[Time "12:02:12"]
[TimeControl "3600+10"]

1. e4 e6 2. d4 d5 3. e5 c5 4. Nf3 Nc6 5. c3 Qb6 6. Be2 Nge7 7. O-O Nf5 8.
Re1 cxd4 9. cxd4 Nfxd4 10. Nxd4 Qxd4 11. Qxd4 Nxd4 12. Be3 Nc2 13. Bb5+ Bd7
14. Bxd7+ Kxd7 15. Nc3 Nxa1 16. Rxa1 Bb4 17. Rc1 Bxc3 18. Rxc3 Rhc8 19. Rxc8
Rxc8 20. g3 b6 21. Kg2 Rc2 22. Bd4 Rc4 23. Be3 d4 24. b3 dxe3 25. bxc4 e2
{White resigns}
0-1

[Event "ICC tourney 1954 (60 10)"]
[Site "Internet Chess Club"]
[Date "2020.08.09"]
[Round "7"]
[White "djc403"]
[Black "aslan777"]
[Result "1-0"]
[ICCResult "Black resigns"]
[WhiteElo "1314"]
[BlackElo "488"]
[Opening "Scandinavian (center counter) defense"]
[ECO "B01"]
[NIC "VO.17"]
[Time "12:03:12"]
[TimeControl "3600+10"]

1. e4 d5 2. exd5 Qxd5 3. d4 Qa5+ 4. c3 c6 5. Bc4 Nf6 6. h3 Bf5 7. Nf3 e6 8.
O-O h6 9. Ne5 Bd6 10. Bf4 Qc7 11. Nd2 Nbd7 12. Ndf3 O-O 13. Qe2 Nd5 14. Bg3
f6 15. Nxd7 Qxd7 16. Bxd6 Qxd6 17. Nh4 Bh7 18. Qg4 Rae8 19. Rae1 b5 20. Bb3
a5 21. a3 a4 22. Ba2 f5 23. Qf3 g5 24. c4 bxc4 25. Bxc4 gxh4 26. Qh5 Re7 27.
Qxh6 Rg7 28. Rxe6 Qf4 29. Qxf4 Nxf4 30. Re4+ Kh8 31. Rxf4 Bg8 32. Rxh4+ Rh7
33. Rxh7+ Kxh7 34. Bxg8+ Rxg8 35. f3 Rb8 36. Rf2 Rb3 37. Rd2 Kg7 38. Kf2 Kf6
39. Kg3 Ke6 40. Kf4 Rb5 41. h4 Rd5 42. h5 c5 43. Re2+ Kf6 44. dxc5 Rxc5 45.
h6 Kg6 46. Re6+ Kh7 47. Re5 Rc2 48. Kxf5 Rxb2 49. g4 Rb3 50. g5 Rxf3+ 51.
Kg4 Rxa3 52. Re7+ Kg8 53. Rg7+ Kh8 54. Ra7 Ra1 55. Kh5 a3 56. Kg6
{Black resigns}
1-0

[Event "ICC tourney 1954 (60 10)"]
[Site "Internet Chess Club"]
[Date "2020.08.09"]
[Round "7"]
[White "temporarydanger"]
[Black "LittlePawn135"]
[Result "0-1"]
[ICCResult "White checkmated"]
[WhiteElo "1125"]
[BlackElo "496"]
[Opening "Ruy Lopez: old Steinitz defense"]
[ECO "C62"]
[NIC "RL.02"]
[Time "12:02:42"]
[TimeControl "3600+10"]

1. e4 e5 2. Nf3 Nc6 3. Bb5 d6 4. Nc3 Bd7 5. d3 Nf6 6. Bg5 Be7 7. O-O O-O 8.
Qd2 h6 9. Bh4 Nxe4 10. dxe4 Bxh4 11. Nd5 Be7 12. Rae1 a6 13. Ba4 b5 14. Bb3
Be6 15. Re3 Bg4 16. h3 Bxf3 17. gxf3 Bg5 18. f4 Bxf4 19. Nxf4 exf4 20. Rf3
Qg5+ 21. Kh2 Ne5 22. Rc3 b4 23. Rxc7 Nf3+ 24. Kh1 Nxd2 25. Rg1 Qh4 26. Rg2
Nf3 27. Rh2 Nxh2 28. Kxh2 Qxf2+ 29. Kh1 Qg3 30. Bd5 f3 31. Bxa8 Qg2#
{White checkmated}
0-1

[Event "ICC tourney 1954 (60 10)"]
[Site "Internet Chess Club"]
[Date "2020.08.09"]
[Round "7"]
[White "Hedwig210"]
[Black "Rockstaryoyo901"]
[Result "1-0"]
[ICCResult "Black resigns"]
[WhiteElo "989"]
[BlackElo "757"]
[Opening "QGD Slav defense"]
[ECO "D10"]
[NIC "SL.01"]
[Time "12:02:57"]
[TimeControl "3600+10"]

1. d4 d5 2. c4 c6 3. Bf4 e6 4. e3 Bb4+ 5. Nc3 Qa5 6. Qb3 Nd7 7. a3 Nb6 8.
Nf3 dxc4 9. Qxb4 Qxb4 10. axb4 Ne7 11. Bc7 Ned5 12. Nxd5 Nxd5 13. Be5 Nxb4
14. Rc1 f6 15. Bd6 Nd5 16. Bxc4 b5 17. Bxd5 cxd5 18. Rc5 a6 19. O-O Bd7 20.
Ra1 Kf7 21. Rc3 Rhb8 22. Bxb8 Rxb8 23. Rxa6 b4 24. Rb3 Rc8 25. Ra1 Ba4 26.
Rxb4 {Black resigns} 1-0

[Event "ICC tourney 1954 (60 10)"]
[Site "Internet Chess Club"]
[Date "2020.08.09"]
[Round "7"]
[White "BArkadia"]
[Black "Checkmate1970"]
[Result "1-0"]
[ICCResult "Black checkmated"]
[WhiteElo "1199"]
[BlackElo "841"]
[Opening "Evans gambit"]
[ECO "C51"]
[NIC "IG.05"]
[Time "12:02:15"]
[TimeControl "3600+10"]

1. e4 e5 2. Nf3 Nc6 3. Bc4 Bc5 4. b4 Bxb4 5. c3 Bc5 6. d4 exd4 7. cxd4 Bb4+
8. Bd2 Bxd2+ 9. Nbxd2 Nf6 10. e5 Ng4 11. Ne4 d6 12. Nfg5 O-O 13. e6 d5 14.
Qxg4 dxc4 15. Qh5 h6 16. exf7+ Kh8 17. Qg6 Bf5 18. Qxf5 g6 19. Qxg6 Rxf7 20.
Nxf7# {Black checkmated} 1-0

[Event "ICC tourney 1954 (60 10)"]
[Site "Internet Chess Club"]
[Date "2020.08.09"]
[Round "7"]
[White "nathanarnold12"]
[Black "JerryZhu"]
[Result "1-0"]
[ICCResult "Black resigns"]
[WhiteElo "1376"]
[BlackElo "1159"]
[Opening "Sicilian: dragon, Yugoslav attack, 7...O-O"]
[ECO "B76"]
[NIC "SI.17"]
[Time "12:02:57"]
[TimeControl "3600+10"]

1. e4 c5 2. Nf3 d6 3. d4 cxd4 4. Nxd4 Nf6 5. Nc3 g6 6. f3 Bg7 7. Be3 O-O 8.
Qd2 Bd7 9. O-O-O Nc6 10. g4 b6 11. h4 Nxd4 12. Bxd4 Qc7 13. g5 Nh5 14. Bxg7
Kxg7 15. Be2 Rab8 16. Rdg1 b5 17. f4 b4 18. Nd5 Qc5 19. Bxh5 gxh5 20. Nxe7
b3 21. axb3 Rxb3 22. Kb1 Rb5 23. Rg2 Rc8 24. Nxc8 {Black resigns} 1-0

[Event "ICC tourney 1954 (60 10)"]
[Site "Internet Chess Club"]
[Date "2020.08.09"]
[Round "7"]
[White "neo898913"]
[Black "OwenT"]
[Result "0-1"]
[ICCResult "White resigns"]
[WhiteElo "993"]
[BlackElo "1261"]
[Opening "French: advance, Milner-Barry gambit"]
[ECO "C02"]
[NIC "FR.03"]
[Time "12:02:45"]
[TimeControl "3600+10"]

1. e4 e6 2. d4 d5 3. e5 c5 4. c3 Nc6 5. Nf3 Qb6 6. Bd3 Bd7 7. O-O cxd4 8.
cxd4 Nxd4 9. Nxd4 Qxd4 10. Re1 Qb6 11. Nc3 Bc5 12. Qe2 Ne7 13. a3 O-O 14. b4
Bd4 15. Bb2 Rac8 16. Na4 Bxa4 17. Bxd4 Qxd4 18. Qd2 Qc3 19. Qe3 Nf5 20. Qf3
Bc2 21. Rac1 Qxd3 {White resigns} 0-1

[Event "ICC tourney 1954 (60 10)"]
[Site "Internet Chess Club"]
[Date "2020.08.09"]
[Round "7"]
[White "ChessG2011"]
[Black "Justin2009"]
[Result "1-0"]
[ICCResult "Black resigns"]
[WhiteElo "1034"]
[BlackElo "1187"]
[Opening "Scandinavian defense"]
[ECO "B01"]
[NIC "SD.03"]
[Time "12:02:57"]
[TimeControl "3600+10"]

1. e4 d5 2. exd5 Nf6 3. Bb5+ c6 4. dxc6 Nxc6 5. Bxc6+ bxc6 6. h3 e5 7. d3 h6
8. a3 Bc5 9. Nc3 Bf5 10. Qe2 O-O 11. Nf3 Re8 12. O-O Qc7 13. Bd2 Rad8 14.
Rac1 e4 15. dxe4 Nxe4 16. Nxe4 Rxe4 17. Qa6 Bxh3 18. Qa5 Qg3 19. Qxd8+ Kh7
20. Ng5+ hxg5 21. Qxg5 Rg4 22. Qf5+ g6 23. Qxf7+ Kh8 24. Bc3+ Qxc3 25. bxc3
Rxg2+ 26. Kh1 {Black resigns} 1-0

[Event "ICC tourney 1954 (60 10)"]
[Site "Internet Chess Club"]
[Date "2020.08.09"]
[Round "7"]
[White "jhong3"]
[Black "Lucasmoon17"]
[Result "1-0"]
[ICCResult "Black checkmated"]
[WhiteElo "1068"]
[BlackElo "690"]
[Opening "Four knights: Italian variation"]
[ECO "C47"]
[NIC "KP.06"]
[Time "12:02:13"]
[TimeControl "3600+10"]

1. e4 e5 2. Nf3 Nc6 3. Nc3 Nf6 4. Bc4 d6 5. O-O Bg4 6. h3 Bxf3 7. Qxf3 Qd7
8. a3 Nd4 9. Qe3 Nxc2 10. Qd3 Nxa1 11. Nd5 Nxd5 12. Bxd5 O-O-O 13. Qc3 h5
14. Qb4 c6 15. Qc3 Rh6 16. b4 Rg6 17. b5 Kb8 18. bxc6 bxc6 19. Bxc6 Qc7 20.
Bb2 Nb3 21. Qxb3+ Kc8 22. Rc1 Qe7 23. Bd7+ Kxd7 24. Qb7+ Ke6 25. Qd5+ Kd7
26. Rf1 Qg5 27. Qxf7+ Be7 28. g3 Qh4 29. Qxg6 Qxh3 30. Qxg7 Rf8 31. Rc1 h4
32. Rc7+ Kd8 33. Qxe7# {Black checkmated} 1-0

[Event "ICC tourney 1954 (60 10)"]
[Site "Internet Chess Club"]
[Date "2020.08.09"]
[Round "7"]
[White "NikkiBat"]
[Black "Yadhunandan"]
[Result "1-0"]
[ICCResult "Black checkmated"]
[WhiteElo "1303"]
[BlackElo "870"]
[Opening "Queen's bishop game"]
[ECO "D02"]
[NIC "QP.08"]
[Time "12:02:57"]
[TimeControl "3600+10"]

1. d4 d5 2. Nf3 Nf6 3. Bf4 Nc6 4. e3 Bg4 5. Be2 Qd7 6. Nbd2 O-O-O 7. c3 Nh5
8. Bg3 Nxg3 9. hxg3 Bxf3 10. gxf3 f6 11. Nb3 e5 12. Qc2 exd4 13. exd4 g6 14.
a4 Qf5 15. Qd2 Bd6 16. f4 Qe6 17. O-O-O Rde8 18. Bf3 Qf7 19. Nc5 Bxc5 20.
dxc5 Rd8 21. Rhe1 Rhe8 22. Rxe8 Qxe8 23. Bxd5 Ne7 24. Be6+ Kb8 25. Qxd8+
Qxd8 26. Rxd8+ Nc8 27. Rxc8# {Black checkmated} 1-0

[Event "ICC tourney 1954 (60 10)"]
[Site "Internet Chess Club"]
[Date "2020.08.09"]
[Round "7"]
[White "viratfan"]
[Black "yayadream"]
[Result "1-0"]
[ICCResult "Black checkmated"]
[WhiteElo "340"]
[BlackElo "1279"]
[Opening "Evans gambit"]
[ECO "C51"]
[NIC "IG.05"]
[Time "12:02:52"]
[TimeControl "3600+10"]

1. e4 e5 2. Nf3 Nc6 3. Bc4 Bc5 4. b4 Bxb4 5. c3 Bc5 6. d4 exd4 7. cxd4 Bb6
8. Qb3 Qf6 9. e5 Qg6 10. O-O Na5 11. Qc3 Nxc4 12. Qxc4 Ne7 13. Ba3 Qe6 14.
Nbd2 O-O 15. Qxe6 dxe6 16. Bxe7 Re8 17. Bc5 Bxc5 18. dxc5 Bd7 19. Nd4 Rad8
20. N2f3 Ba4 21. Rab1 b6 22. Rb4 bxc5 23. Rxa4 cxd4 24. Nxd4 c5 25. Nc6 Rc8
26. Ra6 Rc7 27. Rc1 h6 28. Rxc5 Kh7 29. Rxa7 Rxa7 30. Nxa7 Ra8 31. Rc7 Kg6
32. a4 Rb8 33. g3 Rb4 34. a5 Ra4 35. Nc6 f6 36. Re7 fxe5 37. Rxe6+ Kf5 38.
Rxe5+ Kf6 39. Rb5 g5 40. Kg2 Ke6 41. Nb4 Kd6 42. Kf3 h5 43. Ke4 h4 44. g4 h3
45. Kf5 Ra1 46. Kxg5 Rf1 47. a6 Rxf2 48. a7 Rf7 49. a8=Q Rg7+ 50. Kf6 Rxg4
51. Qc6# {Black checkmated} 1-0

[Event "ICC tourney 1954 (60 10)"]
[Site "Internet Chess Club"]
[Date "2020.08.09"]
[Round "7"]
[White "Saturn015"]
[Black "stephenwilly"]
[Result "1-0"]
[ICCResult "Black checkmated"]
[WhiteElo "1367"]
[BlackElo "1134"]
[Opening "Queen's pawn, Mason variation"]
[ECO "D00"]
[NIC "QP.08"]
[Time "12:02:54"]
[TimeControl "3600+10"]

1. d4 d5 2. Bf4 Nf6 3. e3 Bf5 4. c4 c6 5. Nc3 e6 6. Qb3 Nbd7 7. Qxb7 Nh5 8.
Bc7 Qc8 9. Qxc8+ Rxc8 10. Bg3 Nxg3 11. hxg3 Bb4 12. a3 Bxc3+ 13. bxc3 Nb6
14. cxd5 cxd5 15. Bb5+ Ke7 16. Ne2 Be4 17. O-O h5 18. a4 h4 19. gxh4 Rxh4
20. f3 Bf5 21. Kf2 Nc4 22. Rh1 Rxh1 23. Rxh1 Nb2 24. a5 Bd3 25. Bxd3 Nxd3+
26. Kg3 Nb2 27. Rb1 Rb8 28. Nf4 Kd6 29. Nd3 Kc7 30. Rxb2 Rxb2 31. Nxb2 Kc6
32. e4 Kb5 33. exd5 exd5 34. Kf4 Kxa5 35. Ke5 Kb5 36. Kxd5 a5 37. c4+ Ka6
38. c5 Kb5 39. Kd6 a4 40. Nxa4 Ka6 41. c6 Ka7 42. Kd7 Ka8 43. c7 Ka7 44.
c8=Q g5 45. Nc5 g4 46. Qa6+ Kb8 47. Qb7# {Black checkmated} 1-0

[Event "ICC tourney 1954 (60 10)"]
[Site "Internet Chess Club"]
[Date "2020.08.09"]
[Round "7"]
[White "ryan-simshauser"]
[Black "AF8"]
[Result "1/2-1/2"]
[ICCResult "Game drawn by repetition"]
[WhiteElo "851"]
[BlackElo "1000"]
[Opening "QGD: Tarrasch defense"]
[ECO "D32"]
[NIC "TD.10"]
[Time "12:02:16"]
[TimeControl "3600+10"]

1. d4 e6 2. c4 d5 3. Nc3 c5 4. e3 Nc6 5. Nf3 Qb6 6. Be2 Nh6 7. O-O Nf5 8. b3
cxd4 9. exd4 Nfxd4 10. Nxd4 Nxd4 11. cxd5 Qc5 12. Bb2 Nxe2+ 13. Qxe2 Bd6 14.
dxe6 Bxe6 15. Qb5+ Qxb5 16. Nxb5 Bb8 17. Bxg7 Rg8 18. Bf6 Bh3 19. Rad1 Rxg2+
20. Kh1 Rxh2+ 21. Kg1 Rg2+ 22. Kh1 Bh2 23. Rd2 Bf4 24. Re1+ Kf8 25. Rd3 Rh2+
26. Kg1 Rg2+ 27. Kh1 Rh2+ 28. Kg1 Rg2+ 29. Kh1 Rh2+ 30. Kg1 Rg2+ 31. Kh1
Rh2+ {Game drawn by repetition} 1/2-1/2

[Event "ICC tourney 1954 (60 10)"]
[Site "Internet Chess Club"]
[Date "2020.08.09"]
[Round "7"]
[White "Zohranvalliani"]
[Black "Aahilvalliani"]
[Result "1/2-1/2"]
[ICCResult "Game drawn by mutual agreement"]
[WhiteElo "953"]
[BlackElo "746"]
[Opening "King's gambit"]
[ECO "C30"]
[NIC "KG.05"]
[Time "12:02:41"]
[TimeControl "3600+10"]

1. e4 e5 2. f4 f6 3. Nf3 Nc6 4. Nc3 Bc5 5. d3 d6 6. Be2 Nge7 7. Na4 b6 8.
Nxc5 bxc5 9. O-O O-O 10. c3 f5 11. Be3 d5 12. exd5 Qxd5 13. c4 Qd6 14. Rb1
exf4 15. Bd2 Nd4 16. Nxd4 Qxd4+ 17. Kh1 Ng6 18. Bh5 Qf6 19. Bf3 Rb8 20. Bd5+
Be6 21. Bxe6+ Qxe6 22. Bxf4 Nxf4 23. Rxf4 Rbd8 24. Qh5 Rf6 25. Qg5 h6 26.
Qg3 Rg6 27. Qf2 Rg5 28. Re1 Qg6 29. g3 Qc6+ 30. Kg1 Rf8 31. Re5 Qd6 32. Qxc5
Qxd3 33. Qd5+ Qxd5 34. cxd5 Rb8 35. b3 Kh7 36. Rexf5 Rxf5 37. Rxf5 Rd8 38.
Kf2 Kg6 39. Re5 Kf6 40. Rh5 g6 41. Rxh6 Rxd5 42. Ke3 Re5+ 43. Kd4 Re2 44. a4
Rb2 45. Kc3 Rf2 {Game drawn by mutual agreement} 1/2-1/2